cohdb
Replays
Latest Replays
All Replays
Popular Replays
Top Player Replays
Match Explorer
How It Works
Community
CoH3 Stats
Reddit
Sign in to upload your games and track your stats! →
Sign in with Steam
Match 38820169
Unlisted
Match 38820169
Overview
Messages
Build Orders
End
Vickers Machine Gun Team
Construct Section Command Post
Selects Air and Sea Battlegroup
Infantry Section
ML 3-inch Mortar Team
Selects Supply Surplus
Construct Field Infirmary
Forward Retreat Point
Infantry Section
Infantry Section
Construct Platoon Command Post
Humber Armored Car
6-pounder Anti-tank Gun Team
Selects Centaur Medium Tank
Centaur Medium Tank
Construct Company Command Post
Crusader II Medium Tank
Royal Engineer Section
Crusader II Medium Tank
Crusader II Medium Tank
Selects Naval Bombardment
Royal Engineer Section
Crusader II Medium Tank
Achilles Gaming @ YouTube
manchesterunited_2016
4IRT
l3geNDry
TheLolkPlays
『BlackBear』
✠KREUZZUG✠
Ipa
0
0
Comments
sign in to comment!
No comments posted yet!